 Dungeon Crawl Stone Soup version 0.28.0-43-g3370ac3207 (webtiles) character file.

Game seed: 6505590044455381262

26 pkoi the Insei (level 2, -2/26 HPs)
             Began as a Draconian Monk on Mar 18, 2022.
             Slain by an adder (3 damage)
             ... on level 2 of the Dungeon.
             The game lasted 00:01:00 (882 turns).

pkoi the Insei (Draconian Monk)                      Turns: 882, Time: 00:01:01

Health: -2/26      AC:  4    Str: 13    XL:     2   Next: 89%
Magic:  2/2        EV: 12    Int: 10    God:
Gold:   70         SH:  0    Dex: 13    Spells: 1/1 levels left

rFire   . . .      SeeInvis .   e - +0 dagger (freeze)
rCold   . . .      Faith    .   (no shield)
rNeg    . . .      Spirit   .   (armour unavailable)
rPois   .          Reflect  .   (helmet restricted)
rElec   .          Harm     .   (no cloak)
rCorr   .          Rampage  .   (no gloves)
Will    .....                   (no boots)
Stlth   ++........              (no amulet)
HPRegen 0.08/turn               (no ring)
MPRegen 0.08/turn               (no ring)

@: lethally poisoned (-2 -> -15)
A: AC +4, unfitting armour, cold-blooded
a: no special abilities


You were on level 2 of the Dungeon.
You visited 1 branch of the dungeon, and saw 2 of its levels.

You collected 70 gold pieces.

Inventory:

Hand Weapons
 e - a +0 dagger of freezing (weapon)
Scrolls
 c - a scroll of holy word {unknown}
 d - a scroll of teleportation {unknown}
 f - a scroll of identify {unknown}


   Skills:
 - Level 3.2 Fighting
 - Level 2.6 Dodging
 - Level 1.7 Stealth
 + Level 4.1 Unarmed Combat


You had one spell level left.
You didn't know any spells.
Your spell library contained the following spells:

 Spells                   Type           Power      Damage    Failure   Level
 Sandblast                Erth           0%         2d4       36%         1
 Passwall                 Tmut/Erth      0%         N/A       50%         2
 Stone Arrow              Conj/Erth      0%         3d7       75%         3


Dungeon Overview and Level Annotations

Branches:
Dungeon (2/15)

Altars:


Innate Abilities, Weirdness & Mutations

Your plain brown scales are hard. (AC +4)
You cannot fit into any form of body armour.
You are cold-blooded and may be slowed by cold attacks.


Message History

The adder is moderately wounded.
The adder bites you but does no damage.
You closely miss the adder. You tail-slap the adder.
The adder is severely wounded.
The adder bites you.
* * * LOW HITPOINT WARNING * * *
You are poisoned.
The adder poisons you!
You barely miss the adder.
The adder is heavily wounded.
You feel sick. The adder barely misses you. The adder bites you.
* * * LOW HITPOINT WARNING * * *
You hit the adder but do no damage.
The adder is heavily wounded.
You feel sick. The adder barely misses you.
You miss the adder.
You tail-slap the adder, but do no damage.
The adder is heavily wounded.
You feel sick. The adder bites you.
* * * LOW HITPOINT WARNING * * *
You are lethally poisoned!
The adder poisons you!
You aren't carrying any potions.
As you read the scroll labelled WAVOATS JOCOGO, it crumbles to dust.
You hear a loud clanging noise!
It was a scroll of noise.
* * * LOW HITPOINT WARNING * * *
You feel very sick.
You hear an angry hiss.
The adder bites you.
* * * LOW HITPOINT WARNING * * *
You are more poisoned.
The adder poisons you!
As you read the scroll labelled HUFFAEGUFI, it crumbles to dust.
You feel aware of your surroundings.
You sensed 1 altar.
It was a scroll of magic mapping.
* * * LOW HITPOINT WARNING * * *
You feel very sick. The adder barely misses you. The adder bites you.
You die...

*,,,,,****,.......###.......
*,,,,,* *,#.#*#......#.....
*,,,,,* **#.# #......<.....
*****,* #.###..#####..[..
#.######......# *.....
#.....!.......#** *.....
#######.###.....# *..... #.#
#.#.### *..... #@#*#.#.#
*..... #.S...#.# *#####
#####.#.# #.#.# #.#,* *,*,*
*,*** ***


You could see an adder.

Vanquished Creatures
  3 endoplasms (D:1)
  5 goblins (D:1)
  2 hobgoblins (D:1)
  A quokka (D:1)
  2 ball pythons (D:1)
  3 bats (D:1)
  A frilled lizard (D:1)
  3 kobolds (D:1)
  3 rats (D:1)
23 creatures vanquished.

Notes
Turn   | Place    | Note
-------+----------+-------------------------------------------
     0 | D:1      | pkoi the Draconian Monk began the quest for the Orb.
     0 | D:1      | Reached XP level 1. HP: 19/19 MP: 1/1
   110 | D:1      | Reached XP level 2. HP: 26/26 MP: 2/2
   519 | D:1      | Reached skill level 4 in Unarmed Combat
   882 | D:2      | HP: 1/26 [poisoned by an adder]
   882 | D:2      | Slain by an adder

Illustrated notes

Levels and vault maps discovered:
D:1:      dpeg_arrival_subterranean_lakeside_camping, layout_basic,
          hangedman_glass_garden
D:2:      layout_basic, ebering_ecumenical_altar_box, minmay_misc_feat_encased

Skill      XL: |  1  2 |
---------------+-------+-----
Unarmed Combat | 4 |  4.1
Fighting       | |  3.2
Dodging        | |  2.6
Stealth        | |  1.7

Action                   || total
-------------------------++-------
Melee: Unarmed           ||    50
       Dagger            ||    15
       Tailslap          ||     6
       Punch             ||     2
  Use: Scroll            ||     2
 Stab: Sleeping          ||     3
Armor: Skin              ||    16
Dodge: Dodged            ||    40
